Map: 2000 Atmospheres LE

Players

SpeCial - Winner!

  • Race: Terran Terran

Ryu

  • Race: Zerg Zerg

Event: DreamHack SC2 Masters 2021 Fall

VOD

Have the link to the VOD?

Description

Time

  • Played on: July 28, 2021, 4:57 p.m.
  • Length: 12:33

All games in this series

Show
View Real Time Build Order
Export as new Build Order

SpeCial Terran - Winner!

Build Orders: Liberator Opening 

Get SALT Encoding   

  12  0:00  SCV  
  13  0:12  SCV  
  14  0:17  Supply Depot  
  14  0:24  SCV  
  15  0:39  SCV  
  15  0:40  Barracks  
  16  0:44  Refinery  
  16  0:51  SCV  
  17  1:03  SCV  
  18  1:15  SCV  
  19  1:28  Orbital Command  
  19  1:30  Marine  
  20  1:39  Command Center  
  20  1:50  Factory  
  20  1:56  SCV  
  21  2:04  Barracks Reactor  
  21  2:08  SCV  
  22  2:12  Supply Depot  
  22  2:20  SCV  
  22  2:21  Refinery  
  23  2:33  SCV  
  24  2:40  Starport  
  26  2:44  Hellion x2  
  26  2:46  Marine  
  29  2:52  Orbital Command  
  29  2:54  SCV  
  30  3:04  Marine  
  31  3:07  Hellion  
  31  3:08  Hellion  
  35  3:17  Medivac  
  37  3:21  Armory  
  37  3:23  Marine  
  38  3:30  Supply Depot  
  38  3:33  Hellion  
  40  3:36  Hellion  
  40  3:39  SCV  
  40  3:40  SCV  
  44  3:52  Liberator  
  44  3:55  SCV  
  48  3:59  Hellion x2  
  52  4:03  Supply Depot  
  52  4:05  Barracks Tech Lab  
  52  4:06  SCV  
  53  4:14  SCV  
  54  4:25  SCV  
  54  4:26  SCV  
  56  4:31  Hellion  
  56  4:37  SCV  
  56  4:38  SCV  
  53  4:44  Hellion  
  42  4:49  SCV  
  42  4:50  SCV  
  42  4:52  Command Center  
  42  4:54  Stimpack  
  42  4:57  Hellion  
  44  5:01  SCV, Hellion  
  47  5:07  SCV  
  47  5:11  Marine, Supply Depot  
  47  5:13  SCV  
  50  5:15  Liberator  
  50  5:19  SCV  
  54  5:26  SCV  
  55  5:28  Marine, Barracks  
  55  5:34  Supply Depot, SCV  
  55  5:35  Factory Reactor  
  57  5:38  SCV  
  57  5:39  Barracks  
  58  5:45  Engineering Bay  
  58  5:46  Marine  
  58  5:47  SCV  
  60  5:50  SCV  
  60  5:51  Engineering Bay  
  60  5:56  Supply Depot  
  61  5:59  SCV  
  61  6:02  Refinery, SCV  
  63  6:04  Marine  
  63  6:09  Starport Reactor  
  63  6:11  SCV  
  65  6:12  Terran Infantry Weapons Level 1  
  65  6:14  SCV  
  65  6:18  Terran Infantry Armor Level 1, Marine x2  
  66  6:23  SCV  
  66  6:24  Refinery  
  66  6:25  Factory Reactor  
  69  6:28  Supply Depot  
  69  6:29  Marine  
  70  6:34  SCV, Barracks  
  70  6:35  Orbital Command  
  70  6:36  Marine  
  72  6:40  Marine, Combat Shield  
  72  6:42  SCV, Barracks  
  72  6:45  Marine x2  
  72  6:46  SCV  
  72  6:47  Marine, Medivac x2  
  82  6:54  Marine, SCV  
  82  6:58  Marine, SCV  
  82  7:01  SCV  
  87  7:03  Marine x2, Widow Mine x2  
  87  7:06  SCV  
  94  7:10  Marine, SCV  
  94  7:12  Marine, Supply Depot  
  94  7:13  SCV  
  98  7:16  Marine  
  98  7:18  SCV  
  98  7:21  Marine x2, Medivac x2  
  106  7:23  SCV  
  106  7:24  Widow Mine  
  106  7:25  Barracks Reactor  
  109  7:30  Barracks Reactor  
  109  7:34  Marine x2, SCV x2, Widow Mine, Supply Depot  
  109  7:35  SCV  
  109  7:36  Supply Depot  
  116  7:42  Refinery, Factory  
  113  7:46  SCV x2, Widow Mine  
  113  7:47  SCV  
  113  7:48  Marine x2  
  113  7:49  Marine  
  107  7:51  Marine x2  
  107  7:56  Widow Mine  
  107  7:58  SCV x2  
  113  7:59  SCV  
  113  8:03  Marine x2  
  111  8:06  Marine x3  
  111  8:09  Marine x2  
  111  8:10  SCV  
  111  8:11  SCV  
  111  8:12  Marine x2, Terran Infantry Weapons Level 2  
  120  8:13  Sensor Tower  
  120  8:18  Terran Infantry Armor Level 2  
  120  8:21  Marine x2  
  120  8:24  Marine x3  
  125  8:27  Marine x2  
  125  8:30  Marine x2  
  125  8:32  Supply Depot, Widow Mine  
  125  8:33  Widow Mine  
  133  8:47  Marine  
  133  8:48  Marine x5  
  130  8:53  Marine x3, Medivac x2  
  140  9:01  Command Center  
  138  9:05  Marine x3  
  138  9:06  Factory Tech Lab  
  141  9:10  Marine x3  
  141  9:11  Marine x3, SCV x3  
  141  9:13  Missile Turret  
  146  9:22  Marine  
  146  9:23  Marine, SCV, Medivac  
  149  9:28  Marine  
  149  9:40  Drilling Claws  
  149  9:44  Marine  
  149  9:49  Supply Depot  
  149  9:50  Supply Depot  
  149  9:51  Supply Depot  
  149  10:01  Marine x2, Medivac  
  149  10:02  Marine x7, Thor, Medivac  
  147  10:09  Widow Mine  
  147  10:11  Widow Mine  
  147  10:13  Barracks x2  
  151  10:14  Barracks  
  151  10:18  SCV  
  151  10:19  Marine x5  
  154  10:22  Marine x4  
  158  10:28  SCV x2  
  158  10:31  Medivac  
  158  10:32  Medivac  
  164  10:37  Marine x5  
  164  10:40  Marine x3  
  164  10:41  Marine  
  164  10:42  Widow Mine x2  
  162  10:44  Thor  
  162  10:48  Missile Turret  
  162  10:49  Planetary Fortress  
  155  10:50  Missile Turret  
  155  10:52  SCV x2, Missile Turret  
  155  10:54  Marine  
  155  10:55  Marine x3  
  155  10:56  Marauder  
  162  10:58  Marine x4  
  162  11:01  Medivac  
  168  11:06  Barracks Tech Lab x3  
  168  11:08  SCV x3, Missile Turret  
  170  11:12  Marine x2, Missile Turret  
  170  11:16  Marine  
  170  11:17  Marauder  
  175  11:24  Widow Mine x2  
  178  11:28  Widow Mine  
  178  11:31  Marine, Marauder  
  183  11:32  Medivac  
  181  11:41  Marine x4, Marauder  
  181  11:42  Marine, Concussive Shells, Marauder  
  188  11:48  Command Center  
  188  11:55  Marine  
  188  11:58  Marine x2  
  188  11:59  Marine x2, Marauder  
  188  12:01  Marine  
  188  12:02  Marauder  
  188  12:04  Marine x3, Widow Mine x2, Marauder  
  179  12:09  Widow Mine  
  179  12:13  Marine  
Show
View Real Time Build Order
Export as new Build Order

Ryu Zerg 

Build Orders: Hatch First, Muta Ling Bane 

Get SALT Encoding   

  12  0:00  Drone  
  13  0:12  Overlord  
  13  0:17  Drone  
  14  0:31  Drone x2  
  16  0:48  Hatchery  
  15  0:51  Drone  
  15  0:55  Drone  
  17  0:58  Drone  
  17  1:01  Extractor  
  17  1:14  Spawning Pool  
  17  1:18  Drone  
  17  1:21  Drone  
  18  1:28  Drone  
  19  1:39  Drone  
  20  1:50  Overlord  
  20  2:00  Queen  
  20  2:01  Queen  
  24  2:02  Zergling x4  
  24  2:07  Metabolic Boost  
  26  2:11  Drone  
  26  2:15  Drone  
  28  2:22  Drone x2  
  30  2:39  Hatchery  
  30  2:42  Queen  
  31  2:47  Drone  
  31  2:50  Overlord  
  32  2:55  Drone x2  
  34  3:00  Overlord  
  34  3:06  Zergling x2  
  34  3:10  Drone x3  
  38  3:13  Drone  
  38  3:14  Drone  
  38  3:17  Drone  
  38  3:19  Drone  
  43  3:20  Drone  
  43  3:29  Drone x2  
  43  3:33  Overlord  
  43  3:34  Baneling Nest  
  44  3:39  Queen  
  46  3:41  Drone x2  
  46  3:43  Drone  
  46  3:47  Zergling x2  
  50  3:49  Zergling x2  
  50  3:50  Drone  
  50  3:53  Queen  
  54  3:57  Overlord  
  54  3:59  Drone  
  54  4:01  Drone  
  56  4:04  Drone  
  56  4:05  Drone x2  
  56  4:08  Zergling x4  
  61  4:17  Baneling x4  
  61  4:20  Zergling x6  
  61  4:21  Queen  
  66  4:27  Drone x4  
  63  4:35  Queen  
  59  4:38  Drone  
  56  4:45  Drone x3  
  56  4:52  Drone x3  
  60  4:58  Spore Crawler x2  
  58  5:00  Drone x2  
  58  5:06  Drone x2  
  62  5:09  Zergling x4  
  64  5:20  Lair  
  64  5:24  Drone, Overlord  
  64  5:25  Overlord  
  64  5:27  Extractor x2  
  63  5:31  Drone x3  
  63  5:33  Overlord  
  66  5:36  Drone x5  
  66  5:40  Overlord  
  66  5:41  Overlord  
  71  5:44  Drone x3  
  71  5:45  Drone  
  74  5:53  Queen  
  74  5:56  Extractor  
  75  5:57  Extractor  
  75  5:59  Drone x3  
  75  6:00  Evolution Chamber  
  75  6:02  Evolution Chamber  
  75  6:03  Zergling x4  
  77  6:08  Drone  
  77  6:10  Drone  
  77  6:11  Drone x4  
  81  6:12  Drone  
  81  6:16  Baneling x2  
  84  6:19  Centrifical Hooks  
  84  6:22  Zergling x4  
  84  6:23  Hatchery  
  85  6:26  Queen  
  85  6:29  Extractor  
  85  6:30  Drone  
  85  6:31  Drone x2  
  85  6:32  Overlord  
  89  6:39  Overlord  
  89  6:40  Overlord  
  89  6:41  Zergling x4  
  89  6:45  Spore Crawler, Drone  
  91  6:48  Zerg Melee Weapons Level 1, Zerg Ground Armor Level 1  
  91  6:52  Zergling x2  
  91  6:53  Zergling x4  
  91  6:54  Queen  
  94  7:01  Drone x4  
  99  7:03  Drone x3  
  99  7:08  Zergling x6  
  106  7:11  Zergling x2  
  106  7:12  Zergling x6  
  109  7:15  Spire  
  109  7:18  Baneling x4  
  109  7:20  Zergling x8  
  112  7:27  Baneling  
  112  7:28  Zergling x10  
  117  7:31  Baneling x2  
  117  7:32  Baneling x5  
  114  7:37  Zergling x2  
  114  7:38  Zergling x6  
  114  7:41  Drone x3  
  114  7:42  Zergling x8  
  123  7:47  Drone x2  
  123  7:49  Spore Crawler  
  121  8:03  Burrow  
  121  8:04  Drone x3  
  123  8:09  Drone  
  123  8:10  Drone x2  
  123  8:16  Baneling x5  
  123  8:17  Baneling  
  123  8:27  Overlord x2  
  123  8:28  Zerg Flyer Weapons Level 1, Mutalisk x8  
  136  8:36  Drone x4  
  136  8:38  Hatchery  
  136  8:41  Zergling x10  
  144  8:47  Mutalisk x2  
  144  8:48  Mutalisk  
  143  8:55  Overseer  
  144  8:58  Zergling x8  
  144  8:59  Zergling x2  
  144  9:01  Pneumatized Carapace  
  142  9:08  Zerg Ground Armor Level 2  
  142  9:12  Overlord x2  
  142  9:13  Extractor, Drone x2, Overlord x2  
  142  9:14  Drone x4  
  142  9:15  Extractor  
  145  9:18  Zergling x6  
  145  9:19  Zergling x4  
  145  9:21  Baneling x4  
  150  9:28  Mutalisk  
  150  9:31  Zergling x12  
  156  9:38  Zerg Melee Weapons Level 2  
  156  9:49  Mutalisk x3  
  156  9:51  Hatchery  
  161  9:53  Overlord  
  161  9:54  Zergling x2  
  161  9:55  Zergling x18  
  161  9:57  Zergling x2  
  170  10:03  Mutalisk x3  
  164  10:08  Zergling x2  
  164  10:13  Zergling x10, Infestation Pit  
  164  10:14  Zergling x6  
  170  10:22  Mutalisk x2  
  174  10:28  Zerg Flyer Armor Level 1  
  174  10:38  Mutalisk x2  
  164  10:44  Zergling x24  
  174  10:51  Hive  
  174  10:53  Drone x3  
  174  10:54  Hatchery  
  173  10:57  Mutalisk x2  
  173  11:01  Baneling x3  
  177  11:10  Zergling x22  
  188  11:12  Baneling x6  
  188  11:16  Zergling x6  
  191  11:22  Mutalisk x2  
  179  11:25  Overlord x2  
  179  11:26  Hatchery, Overlord  
  179  11:29  Drone  
  179  11:30  Drone x2  
  179  11:32  Zergling x4  
  164  11:39  Zergling x8  
  163  11:46  Overseer  
  163  11:52  Zergling x20  
  173  12:00  Zergling x4  
  173  12:01  Zergling x4  
  149  12:07  Mutalisk x4  
  150  12:10  Zergling x4  

Tags
 
Add a new tag
Caveats
  • Supply blocks, unpowered buildings, or Contaminate may cause inaccurate times.
  • Supply counts are checked every 10 seconds.